 Dungeon Crawl Stone Soup version 0.30-a0-553-g7fabdf1491 (webtiles) character file.

Game seed: 13225916673007820235

44 oldriver the Sneak (level 3, -4/33 HPs)
             Began as a Naga Artificer on Dec 27, 2022.
             Slain by a gnoll
             ... wielding a +0 spear
              (5 damage)
             ... on level 2 of the Dungeon.
             The game lasted 00:01:42 (1175 turns).

oldriver the Sneak (Naga Artificer)                 Turns: 1175, Time: 00:01:43

Health: -4/33      AC:  2    Str: 16    XL:     3   Next: 60%
Magic:  3/3        EV:  5    Int: 11    God:
Gold:   46         SH:  0    Dex: 11    Spells: 2/2 levels left

rFire   . . .      SeeInvis +    l - +0 sling
rCold   . . .      Faith    .    (no shield)
rNeg    . . .      Spirit   .    b - +0 leather armour
rPois   +          Reflect  .    (no helmet)
rElec   .          Harm     .    (no cloak)
rCorr   .          Rampage  .    (no gloves)
Will    .....                    (no barding)
Stlth   ++                       (no amulet)
HPRegen 0.25/turn                (no ring)
MPRegen 0.08/turn                (no ring)

@: attractive, held, very slow
A: AC +1, large, see invisible, deformed body, poison resistance, slowness 2,
spit poison 1, naga tail 1
a: Spit Poison


You were on level 2 of the Dungeon.
You visited 1 branch of the dungeon, and saw 2 of its levels.

You collected 46 gold pieces.

Inventory:

Hand Weapons
 a - a +0 club
 l - a +0 sling (weapon)
Armour
 b - a +0 leather armour (worn)
Wands
 c - a wand of flame (15)
 d - a wand of charming (13)
 e - a wand of iceblast (5)
Scrolls
 f - a scroll of summoning {unknown}
 g - a scroll of identify {unknown}
 h - a scroll of blinking {unknown}
 i - a scroll of amnesia {unknown}
 j - a scroll of teleportation {unknown}
Potions
 m - a potion of might {unknown}


   Skills:
 + Level 2.4 Fighting
 - Level 1.5 Armour
 - Level 0.7 Dodging
 + Level 3.9 Stealth
 - Level 3.0 Evocations


You had 2 spell levels left.
You didn't know any spells.
Your spell library was empty.

Dungeon Overview and Level Annotations

Branches:
Dungeon (2/15)

Altars:

Shops:
D:2 :


Innate Abilities, Weirdness & Mutations

Your serpentine skin is tough. (AC +1)
You have supernaturally acute eyesight. (SInv)
Armour fits poorly on your strangely shaped body.
Your system is resistant to poisons. (rPois)
You cover ground very slowly.
You can spit poison.
You have a snake-like lower body.


Message History

You kill the gnoll!
Aiming: Spit Poison (2% risk of failure)
Press: ? - help, Shift-Dir - straight line, f - gnoll
Aim: a gnoll, wielding a +0 spear and quivering 2 throwing nets (65% to hit)
The splash of poison hits the gnoll.
The gnoll is poisoned.
The gnoll is heavily wounded.
The gnoll hits you from afar with a +0 spear.
The gnoll looks more healthy.
The gnoll throws a throwing net.
The throwing net hits you.
You become entangled in the net!
You see here a throwing net.
You are held in a net!
You cannot shoot with your sling while held in a net.
You struggle against the net.
You have got your breath back.
You struggle against the net.
The gnoll hits you with a +0 club.
Aiming: Charm
Press: ? - help, Shift-Dir - straight line, f/p - gnoll
Aim: a gnoll, wielding a +0 spear and quivering a throwing net (almost dead, chance to affect: 65%)
The gnoll struggles to resist.
The gnoll hits you with a +0 club.
Aiming: Charm
Press: ? - help, Shift-Dir - straight line, f/p - gnoll
Aim: a gnoll, wielding a +0 spear and quivering a throwing net (almost dead, chance to affect: 65%)
The gnoll is charmed.
The gnoll hits you from afar with a +0 spear.
You struggle against the net.
The gnoll hits you from afar with a +0 spear!
* * * LOW HITPOINT WARNING * * *
The gnoll hits your gnoll with a +0 flail!
You struggle against the net.
The gnoll hits you from afar with a +0 spear!
* * * LOW HITPOINT WARNING * * *
Your gnoll hits the gnoll with a +0 club!
The gnoll hits your gnoll with a +0 flail!
Your gnoll dies!
The gnoll shouts!
It was a potion of attraction.
You feel attractive to monsters.
The gnoll hits you from afar with a +0 spear.
You die...

#### ######.#. #
#####......#. ..
#..........#. ... ########
#.###.###..#. .... #....[.#
#.# #.###..#.
[....##......###.###...#..#.
....>')..g...........†.†....
#..g)@†###.....<.#...≈
#......# #######.#...≈
#......# #.#.##≈ #......#
#.#.# # #......# #.###
#......# #.# ######## #.#
#.# #+#


You could see 2 gnolls.

Vanquished Creatures
  A gnoll (D:2)
  A dart slug (D:1)
  8 ball pythons (D:1)
  3 bats
  5 endoplasms (D:1)
  2 giant cockroaches (D:1)
  A goblin (D:1)
  A hobgoblin (D:1)
  3 quokkas
  2 frilled lizards
  A kobold (D:1)
  3 rats
31 creatures vanquished.

Vanquished Creatures (others)
  A gnoll (D:2)
1 creature vanquished.

Grand Total: 32 creatures vanquished

Notes
Turn   | Place    | Note
-------+----------+-------------------------------------------
     0 | D:1      | oldriver the Naga Artificer began the quest for the Orb.
     0 | D:1      | Reached XP level 1. HP: 18/18 MP: 1/1
   128 | D:1      | Reached XP level 2. HP: 21/25 MP: 2/2
   459 | D:1      | Reached XP level 3. HP: 32/32 MP: 3/3
  1110 | D:2      | Found Vypoahio's Book Shoppe.
  1174 | D:2      | HP: 1/33 [gnoll/+0 spear (8)]
  1175 | D:2      | Slain by a gnoll

Illustrated notes

Levels and vault maps discovered:
D:1:      eino_arrival_cavern_d, layout_basic
D:2:      layout_basic, serial_shops, nicolae_shop_waterfront,
          hangedman_decor_diamond_cutter, bh_walls_and_bars

Skill      XL: |  1  2 |
---------------+-------+-----
Stealth        | 2 3 |  3.9
Fighting       | 2 |  2.4
Armour         | |  1.5
Dodging        | |  0.7
Evocations     | |  3.0

Action                   || total
-------------------------++-------
Melee: Club              ||    41
 Fire: Sling             ||    12
 Abil: Spit Poison       ||    26
Evoke: Wand              ||     2
  Use: Potion            ||     1
Armor: Leather armour    ||    12
Dodge: Dodged            ||    28

Table legend: (Time is in decaauts)
 A = Elapsed time spent in this place.
 B = Non-inter-level travel time spent in this place.
 C = Inter-level travel time spent in this place.
 D = Time resting spent in this place.
 E = Time spent auto-exploring this place.
 F = Levels seen in this place.
 G = Mean time per level.
                   A        B        C        D        E       F      G
               +--------+--------+--------+--------+--------+-----+--------+
         Total |   1555 |   1508 |     47 |     12 |   1209 |   2 |  777.5 |
       Dungeon |   1555 |   1508 |     47 |     12 |   1209 |   2 |  777.5 |
               +--------+--------+--------+--------+--------+-----+--------+

Top non-repeatable levels by time:
     D:1: 1449 daAuts
     D:2: 106 daAuts
